 Dungeon Crawl Stone Soup version 0.31.0-11-ge490571c62 (webtiles) character file.

Game seed: 8306843615580667899

28814 hikkokomori the Skirmisher (level 13, -9/83 HPs)
             Began as a Deep Elf Earth Elementalist on Feb 4, 2024.
             Was an Elder of Ashenzari.
             Mangled by a minotaur
             ... wielding a +4 morningstar of venom
              (14 damage)
             ... in a Gauntlet.
             The game lasted 01:13:29 (17147 turns).

hikkokomori the Skirmisher (DEEE)                  Turns: 17147, Time: 01:13:30

Health: -9/83      AC: 10    Str:  2    XL:     13   Next: 11%
Magic:  28/42      EV: 19    Int: 24    God:    Ashenzari [****..]
Gold:   635        SH:  0    Dex: 17    Spells: 7/40 levels left

rFire   . . .        q - +6 sling "Clairvoyant Nihilism" {freeze, rPois rCorr Str-5 Dex-4, Cun, Range} (curse)
rCold   . . .        (no shield)
rNeg    . . .        L - +3 robe "Fetters of Ashenzari" {Slay+2, Self, Cun} (curse)
rPois   +            S - +0 helmet
rElec   .            f - scarf "Regret of Ashenzari" {+Inv, Sorc, Cun} (curse)
rCorr   +            P - +0 pair of gloves "Restrained Negligence" {Fort, Cun} (curse)
SInv    +            G - +2 pair of boots "Thunder Perfect Mind" {Elem, Self} (curse)
Will    +....        g - amulet of the Enigmatic Moon {Acrobat, Dev, Self} (curse)
Stlth   +++++        m - ring of magical power
HPRegen 0.33/turn    U - +6 ring of dexterity
MPRegen 0.28/turn

%: no teleportation, acrobat, clarity
@: no status effects
A: no striking features
a: Renounce Religion, Evoke Invisibility, Shatter the Chains


You were in a Gauntlet.
You worshipped Ashenzari.
Ashenzari was greatly pleased with you.
You visited 4 branches of the dungeon, and saw 15 of its levels.
You also visited: Gauntlet and Ice Cave.

You collected 908 gold pieces.
You spent 273 gold pieces at shops.

Inventory:

Hand Weapons
 q - the cursed +6 sling "Clairvoyant Nihilism" (weapon) {freeze, rPois rCorr Str-5 Dex-4, Cun, Range}
   (You found it on level 2 of the Dungeon)

   Str-5:     It affects your strength (-5).
   Dex-4:     It affects your dexterity (-4).
   rPois:     It protects you from poison rCorr: It protects you from acid and
   corrosion.
   It has a curse which improves the following skills: Cunning: Dodging and
   Stealth.
   Ranged Combat: Ranged Weapons and Throwing.
 C - a +2 dagger of venom
Missiles
 T - a curare-tipped dart
Armour
 f - the cursed scarf "Regret of Ashenzari" (worn) {+Inv, Sorc, Cun}
   (You found it on level 9 of the Dungeon)

   It has a curse which improves the following skills: Sorcery: Conjurations and
   Alchemy.
   Cunning:   Dodging and Stealth.
 G - the cursed +2 pair of boots "Thunder Perfect Mind" (worn) {Elem, Self}
   (You found it on level 6 of the Dungeon)

   It has a curse which improves the following skills: Elements: Fire Magic, Ice
   Magic, Air Magic and Earth Magic.
   Introspection: Fighting and Spellcasting.
 J - +2 steam dragon scales
 L - the cursed +3 robe "Fetters of Ashenzari" (worn) {Slay+2, Self, Cun}
   (You took it off a centaur on level 8 of the Dungeon)

   Slay+2:    It affects your accuracy & damage with ranged weapons and melee
   (+2).
   It has a curse which improves the following skills: Introspection: Fighting
   and Spellcasting.
   Cunning:   Dodging and Stealth.
 O - a +2 robe of willpower
 P - the cursed +0 pair of gloves "Restrained Negligence" (worn) {Fort, Cun}
   (You found it on level 7 of the Dungeon)

   It has a curse which improves the following skills: Fortitude: Armour and
   Shields.
   Cunning:   Dodging and Stealth.
 R - a +2 pair of boots of stealth
 S - a +0 helmet (worn)
 V - a +0 kite shield
 X - a +0 buckler
 Z - the crystal ball of Wucad Mu {*channel}
   (You found it in a Gauntlet)

   *Channel:  It often returns the magic spent to cast spells, but lowers their
   success rate.
   It always returns the magic spent on miscasts.
Magical Staves
 Y - the staff "Enoheddu" {rN+ Int+5 Necro}
   (You found it on level 1 of the Lair of Beasts)

   [staff of death]

   Base accuracy: +5 Base damage: 5 Base attack delay: 1.2 This weapon's minimum
   attack delay (0.6) is reached at skill level 12.
   Int+5:     It affects your intelligence (+5).
   rN+:       It protects you from negative energy.
   Necro:     It increases the power of your Necromancy spells.
   It falls into the 'Staves' category.
   It is a one-handed weapon.
Jewellery
 a - an amulet of reflection
 d - an amulet of guardian spirit
 g - the cursed amulet of the Enigmatic Moon (around neck) {Acrobat, Dev, Self}
   (You found it on level 1 of the Dungeon)

   [amulet of the acrobat]

   Acrobat:   It increases your evasion while moving and waiting.
   It has a curse which improves the following skills: Devices: Evocations and
   Shapeshifting.
   Introspection: Fighting and Spellcasting.
 k - a ring of ice
 m - a ring of magical power (left hand)
 U - a +6 ring of dexterity (right hand)
Wands
 y - a wand of digging (3)
 B - a wand of flame (18)
 W - a wand of charming (4)
Scrolls
 c - 3 scrolls of teleportation
 j - a scroll of revelation
 l - 3 scrolls of fear
 o - 3 scrolls of noise
 p - 2 scrolls of torment
 r - 3 scrolls of blinking
 t - 2 scrolls of immolation
 A - 6 scrolls of fog
 E - a scroll of brand weapon
 F - 2 scrolls of amnesia
 H - 3 scrolls of summoning
 I - 2 scrolls of vulnerability
 K - a scroll of silence
 N - 2 scrolls of enchant weapon
Potions
 b - 3 potions of magic
 e - 2 potions of cancellation
 h - 6 potions of heal wounds
 i - 4 potions of attraction
 n - 3 potions of curing
 s - 2 potions of brilliance
 v - 3 potions of might
 w - a potion of berserk rage
 x - 2 potions of haste
 z - 3 potions of enlightenment
 D - 3 potions of lignification
 M - 2 potions of ambrosia
 Q - 5 potions of mutation


   Skills:
 + Level 6.8(10.4) Fighting
 - Level 12.5(14.3) Ranged Weapons
 - Level 7.1(11.4) Dodging
 - Level 7.1(11.4) Stealth
 - Level 10.4(14.0) Spellcasting
 + Level 9.1(10.9) Conjurations
 - Level 5.0 Hexes
 - Level 5.0 Summonings
 - Level 3.0 Translocations
 - Level 5.5(7.3) Fire Magic
 - Level 5.4(7.2) Earth Magic
 - Level 6.0(7.8) Alchemy
 - Level 7.5(9.4) Evocations


You had 7 spell levels left.
You knew the following spells:

 Your Spells              Type           Power      Damage    Failure   Level
a - Sandblast             Erth           100%       2d20      1%          1
b - Stone Arrow           Conj/Erth      100%       3d13      1%          3
c - Petrify               Alch/Erth      52%        N/A       1%          4
d - Passwall              Erth           51%        N/A       1%          3
e - Brom's Barrelling Bo  Conj/Erth      57%        2d7       1%          4
f - Call Canine Familiar  Summ           40%        N/A       1%          3
g - Dimensional Bullseye  Hex/Tloc       18%        N/A       7%          4
h - Summon Blazeheart Go  Fire/Summ      46%        N/A       2%          4
i - Iskenderun's Battles  Conj           62%        2d11      1%          5
j - Blink                 Tloc           62%        N/A       1%          2

Your spell library contained the following spells:

 Spells                   Type           Power      Damage    Failure   Level
 Ensorcelled Hibernation  Hex/Ice        58%        N/A       1%          2
 Lesser Beckoning         Tloc           62%        N/A       1%          2
 Momentum Strike          Conj/Tloc      100%       3d10      1%          2
 Sigil of Binding         Hex            40%        N/A       1%          3
 Fireball                 Conj/Fire      28%        3d12      2%          5
 Frozen Ramparts          Ice            34%        1d6       10%         3
 Orb of Destruction       Conj           31%        9d10      32%         7
 Conjure Ball Lightning   Conj/Air       21%        3x3d6     47%         6
 Sculpt Simulacrum        Ice/Alch       18%        N/A       71%         6
 Spellforged Servitor     Conj/Summ      26%        N/A       73%         7
 Ozocubu's Refrigeration  Ice            8%         4d9       100%        7


Dungeon Overview and Level Annotations

Branches:
Dungeon (11/15)            Temple (1/1) D:4            Lair (2/5) D:11
  Swamp (0/4) Lair:2        Snake (0/4) Lair:2          Orc (1/2) D:9
  IceCv (visited)         Gauntlet (1/1)

Altars:
Ashenzari
Cheibriados
Dithmenos
Elyvilon
Fedhas
Gozag
Hepliaklqana
Kikubaaqudgha
Makhleb
Nemelex Xobeh
Okawaru
Qazlal
Ru
Sif Muna
Trog
Uskayaw
Vehumet
Wu Jian
Xom
Yredelemnul
Zin
The Shining One

Shops:
D:5 !   D:6 !

Annotations:
D:3 exclusion: downstairs
D:4 Pikel
D:6 exclusion: downstairs Gauntlet 12 transporters, 21 runed translucent doors, exclusions: 2 lightning spires and orange crystal statue


Message History

Unknown command.
Unknown command.
Casting: Stone Arrow (safe; 1% risk of failure)
Confirm with . or Enter, or press ? or * to list all spells.
Aiming: Stone Arrow (safe; 1% risk of failure)
Press: ? - help, Shift-Dir - straight line, f/p - minotaur
Aim: a minotaur, wielding a +4 morningstar of venom, wearing a +0 plate armour and quivering javelins (moderately wounded, ally target, 89% to hit)
The stone arrow hits the minotaur!!
The minotaur is heavily wounded.
Unknown command.
Unknown command.
Casting: Stone Arrow (safe; 1% risk of failure)
Confirm with . or Enter, or press ? or * to list all spells.
Aiming: Stone Arrow (safe; 1% risk of failure)
Press: ? - help, Shift-Dir - straight line, f/p - minotaur
Aim: a minotaur, wielding a +4 morningstar of venom, wearing a +0 plate armour and quivering javelins (heavily wounded, 89% to hit)
The stone arrow hits the minotaur!
The minotaur is severely wounded.
The minotaur hits you with a +4 morningstar of venom!!
The minotaur gores you!
Unknown command.
The minotaur attacks as it pursues you!
The minotaur hits you with a +4 morningstar of venom!!
* * * LOW HITPOINT WARNING * * *
The minotaur gores you.
* * * LOW HITPOINT WARNING * * *
Casting: Stone Arrow (safe; 1% risk of failure)
Confirm with . or Enter, or press ? or * to list all spells.
Aiming: Stone Arrow (safe; 1% risk of failure)
Press: ? - help, Shift-Dir - straight line, f/p - minotaur
Aim: a minotaur, wielding a +4 morningstar of venom, wearing a +0 plate armour and quivering javelins (severely wounded, 89% to hit)
The stone arrow hits the minotaur!!
The minotaur is almost dead.
Your battlesphere fires!
The barrage of energy hits the minotaur but does no damage.
The minotaur is almost dead.
The minotaur hits you with a +4 morningstar of venom!
* * * LOW HITPOINT WARNING * * *
The minotaur gores you!
You die...

#########.#########
#.............#
#############.#
*,*,,,,,,,,,#.#
*,*,*******,#.#
*,*,**8,8**,#.#
*,*,,*,∩,*,,#*#
*,**,*8,8####.#
*,,*,**,*#..H@#
**,*,......#.##
*#####*#.#
,,,,,,,..#
******####


You could see a minotaur (ally target) and a friendly battlesphere.

Vanquished Creatures
  A reaper (IceCv)
  A hydra (Lair:1)
  Erolcha (D:11)
  A centaur warrior (D:8)
  A two-headed ogre (D:10)
  Nergalle (Lair:1)
  A deep elf pyromancer (D:7)
  A cyclops (D:8)
  An eye of devastation (Gauntlet)
  3 ice statues
  A black mamba (Lair:1)
  3 cane toads
  An efreet (Gauntlet)
  A rime drake (Gauntlet)
  Psyche (D:11)
  A freezing wraith (IceCv)
  An unseen horror (D:7)
  A red devil (D:10)
  5 komodo dragons
  4 anaconda simulacra (IceCv)
  5 ice devils (IceCv)
  Prince Ribbit (D:9)
  A glass eye (Gauntlet)
  A hornet (D:10)
  5 blink frogs (Lair:1)
  2 centaur simulacra (D:11)
  4 wyverns
  4 dire elephant simulacra (IceCv)
  2 shadows
  A vampire (D:11)
  28 yaks
  2 humans (D:7)
  3 wraiths
  A fire elemental (Gauntlet)
  A chaos spawn (D:10)
  A golden eye (Gauntlet)
  A steam dragon (D:6)
  A warg (D:9)
  Grum (D:11)
  A harpy simulacrum (IceCv)
  11 water moccasins
  Duvessa (D:7)
  A hydra simulacrum (IceCv)
  2 black bears
  3 hell hounds (Gauntlet)
  2 ice beasts
  8 orc warriors
  2 ogres
  6 centaurs
  4 wolves (D:11)
  3 kobold brigands (D:10)
  17 bullfrogs
  3 gnoll sergeants
  4 scorpions
  A wight (D:7)
  Dowan (D:7)
  24 killer bees
  An elephant simulacrum (IceCv)
  2 bombardier beetles
  3 hounds
  A jelly (D:8)
  7 orc priests
  2 iron imps (D:10)
  A gnoll bouda (D:6)
  3 iguanas
  A sleepcap (D:6)
  11 orc wizards
  A spriggan simulacrum (IceCv)
  A polar bear simulacrum (IceCv)
  11 gnolls
  6 adders
  5 white imps
  5 ufetubi
  2 dart slugs (D:1)
  A ribbon worm (D:3)
  36 orcs
  3 endoplasms
  5 giant cockroaches (D:1)
  7 goblins
  6 hobgoblins
  3 jackals (D:3)
  25 kobolds
  4 quokkas
  5 ball pythons
  8 bats
  4 frilled lizards
  12 rats
372 creatures vanquished.

Vanquished Creatures (collateral kills)
  3 boulders
3 creatures vanquished.

Vanquished Creatures (others)
  A boulder (IceCv)
1 creature vanquished.

Grand Total: 376 creatures vanquished

Notes
Turn   | Place    | Note
-------+----------+-------------------------------------------
     0 | D:1      | hikkokomori the Deep Elf Earth Elementalist began the quest
                  | for the Orb.
     0 | D:1      | Reached XP level 1. HP: 10/10 MP: 6/6
   234 | D:1      | Reached XP level 2. HP: 15/15 MP: 6/8
   711 | D:1      | Reached XP level 3. HP: 20/20 MP: 9/9
   958 | D:1      | Reached skill level 1 in Fighting
  1061 | D:2      | Identified the +6 sling of Broken Luck {freeze, rPois rCorr
                  | Str-5 Dex-4}
  1348 | D:2      | Found a faded altar of an unknown god.
  1650 | D:3      | Learned a level 3 spell: Stone Arrow
  1698 | D:3      | Reached XP level 4. HP: 26/26 MP: 5/10
  1985 | D:3      | Reached skill level 5 in Spellcasting
  1985 | D:3      | Reached skill level 1 in Ranged Weapons
  1985 | D:3      | Reached XP level 5. HP: 30/30 MP: 9/14
  2137 | D:3      | Reached skill level 2 in Ranged Weapons
  2160 | D:3      | Found a shimmering blue altar of Sif Muna.
  2254 | D:4      | Noticed Pikel
  2254 | D:4      | Noticed a lemure
  2352 | D:4      | Noticed a lemure
  2497 | D:4      | Found a staircase to the Ecumenical Temple.
  2502 | Temple   | Entered the Ecumenical Temple
  2532 | Temple   | Became a worshipper of Ashenzari the Shackled
  2594 | D:4      | Noticed a lemure
  2632 | D:4      | Noticed an ogre
  2638 | D:4      | Killed an ogre
  2639 | D:4      | Reached skill level 3 in Ranged Weapons
  2774 | D:4      | Reached XP level 6. HP: 35/35 MP: 12/15
  2920 | D:5      | Entered Level 5 of the Dungeon
  2921 | D:5      | Found Gunlaycw's Distillery.
  2946 | D:5      | Bought a potion of might for 52 gold pieces
  2946 | D:5      | Bought a potion of curing for 39 gold pieces
  2946 | D:5      | Bought a potion of enlightenment for 65 gold pieces
  2946 | D:5      | Bought a potion of heal wounds for 65 gold pieces
  2946 | D:5      | Bought a potion of lignification for 39 gold pieces
  2946 | D:5      | Bought a potion of degeneration for 13 gold pieces
  3708 | D:6      | Reached skill level 5 in Earth Magic
  3863 | D:6      | Found Nih Kiann's Distillery.
  3889 | D:6      | Reached * piety under Ashenzari
  3943 | D:6      | Reached XP level 7. HP: 40/40 MP: 14/18
  4051 | D:6      | Learned a level 4 spell: Petrify
  4237 | D:6      | Noticed a steam dragon
  4360 | D:6      | Killed a steam dragon
  4682 | D:7      | Noticed Duvessa
  4682 | D:7      | Noticed Dowan
  4692 | D:6      | Reached skill level 4 in Ranged Weapons
  4847 | D:6      | HP: 2/40 [ufetubus (4)]
  4850 | D:6      | Reached skill level 5 in Ranged Weapons
  4850 | D:6      | Reached XP level 8. HP: 10/46 MP: 6/19
  5002 | D:7      | Noticed a deep elf pyromancer
  5053 | D:7      | Learned a level 3 spell: Passwall
  5067 | D:7      | Killed a deep elf pyromancer
  5068 | D:7      | Reached skill level 1 in Evocations
  5380 | D:7      | Killed Duvessa
  5381 | D:7      | Reached skill level 6 in Ranged Weapons
  5394 | D:7      | Killed Dowan
  5395 | D:7      | Reached XP level 9. HP: 26/54 MP: 3/20
  5519 | D:8      | Learned a level 4 spell: Brom's Barrelling Boulder
  5533 | D:8      | Found a hazy altar of Hepliaklqana.
  5533 | D:8      | Found a stormy altar of Qazlal.
  5535 | D:8      | Found an ancient bone altar of Kikubaaqudgha.
  5536 | D:8      | Found an opulent altar of Gozag.
  5544 | D:8      | Reached skill level 7 in Ranged Weapons
  5619 | D:8      | Reached ** piety under Ashenzari
  5799 | D:8      | Reached skill level 5 in Conjurations
  5821 | D:8      | Identified the +3 robe "Bosodd" {Slay+2}
  5921 | D:8      | Noticed a centaur warrior
  5929 | D:8      | Killed a centaur warrior
  5930 | D:8      | Reached skill level 5 in Dodging
  5930 | D:8      | Reached skill level 5 in Stealth
  6390 | D:8      | Noticed a cyclops
  6405 | D:8      | Killed a cyclops
  6406 | D:8      | Reached XP level 10. HP: 38/60 MP: 14/24
  6892 | D:7      | Reached skill level 5 in Fighting
  7039 | D:7      | Found an iron altar of Okawaru.
  7432 | D:7      | Learned a level 3 spell: Call Canine Familiar
  7452 | D:9      | Found a staircase to the Orcish Mines.
  7510 | D:9      | Reached skill level 1 in Summonings
  7578 | D:9      | Noticed Prince Ribbit
  7637 | D:9      | Killed Prince Ribbit
  8421 | D:9      | Found a sparkling altar of Nemelex Xobeh.
  8535 | D:9      | Reached skill level 5 in Summonings
  8535 | D:9      | Reached skill level 1 in Fire Magic
  8645 | D:9      | Learned a level 4 spell: Dimensional Bullseye
  8812 | Orc:1    | Entered Level 1 of the Orcish Mines
  8823 | D:9      | Reached skill level 1 in Hexes
  8925 | Orc:1    | Noticed an orc knight
  8930 | Orc:1    | Reached skill level 1 in Translocations
  8930 | Orc:1    | Noticed an orc sorcerer
  8958 | D:10     | Entered Level 10 of the Dungeon
  9626 | D:10     | Noticed a two-headed ogre
  9630 | D:10     | Killed a two-headed ogre
  9631 | D:10     | Reached skill level 5 in Alchemy
  9631 | D:10     | Reached XP level 11. HP: 69/69 MP: 16/26
 10390 | D:11     | Noticed Grum
 10402 | D:11     | Killed Grum
 10407 | D:11     | Reached skill level 5 in Hexes
 10590 | D:11     | Found a frozen archway.
 10596 | D:11     | Noticed Psyche
 10600 | D:11     | Killed Psyche
 10618 | D:11     | Reached *** piety under Ashenzari
 10774 | IceCv    | Entered an ice cave
 10828 | IceCv    | Reached skill level 8 in Ranged Weapons
 11473 | IceCv    | Reached skill level 5 in Evocations
 11569 | IceCv    | Learned a level 4 spell: Summon Blazeheart Golem
 12891 | IceCv    | Identified Sif Muna's Handbook of Snow
 12892 | IceCv    | Noticed a reaper
 12917 | IceCv    | Killed a reaper
 12918 | IceCv    | Reached skill level 5 in Fire Magic
 13088 | D:11     | Noticed Erolcha
 13097 | D:11     | Killed Erolcha
 13405 | D:11     | Reached XP level 12. HP: 76/76 MP: 23/27
 13537 | D:11     | Found a staircase to the Lair.
 13743 | D:11     | Reached skill level 9 in Ranged Weapons
 13843 | D:11     | Found an ancient bone altar of Kikubaaqudgha.
 14376 | Lair:1   | Entered Level 1 of the Lair of Beasts
 14531 | Lair:1   | Reached skill level 10 in Ranged Weapons
 14702 | Lair:1   | Reached skill level 11 in Ranged Weapons
 15100 | Lair:1   | Noticed Nergalle
 15113 | Lair:1   | Killed Nergalle
 15114 | Lair:1   | Reached skill level 12 in Ranged Weapons
 15579 | Lair:1   | Noticed a seven-headed hydra
 15602 | Lair:1   | Killed a seven-headed hydra
 15603 | Lair:1   | Reached skill level 10 in Spellcasting
 15632 | Lair:1   | Identified the staff "Enoheddu" {rN+ Int+5 Necro}
 16033 | Lair:2   | Learned a level 5 spell: Iskenderun's Battlesphere
 16039 | Lair:2   | Found a gate leading to a gauntlet.
 16091 | Lair:2   | Reached XP level 13. HP: 55/80 MP: 3/32
 16122 | Gauntlet | Entered a Gauntlet
 16122 | Gauntlet | Found a transporter.
 16131 | Gauntlet | Found a transporter.
 16133 | Gauntlet | Found a transporter.
 16135 | Gauntlet | Found a transporter.
 16151 | Gauntlet | Found a transporter.
 16169 | Gauntlet | Found a transporter.
 16171 | Gauntlet | Found a large runed translucent door.
 16171 | Gauntlet | Found a large runed translucent door.
 16172 | Gauntlet | Found a large runed translucent door.
 16172 | Gauntlet | Found a large runed translucent door.
 16173 | Gauntlet | Found a runed translucent door.
 16173 | Gauntlet | Found a large runed translucent door.
 16173 | Gauntlet | Found a large runed translucent door.
 16173 | Gauntlet | Found a runed translucent door.
 16173 | Gauntlet | Found a large runed translucent door.
 16173 | Gauntlet | Found a large runed translucent door.
 16174 | Gauntlet | Found a large runed translucent door.
 16174 | Gauntlet | Found a large runed translucent door.
 16220 | Gauntlet | Found a transporter.
 16235 | Gauntlet | Found a transporter.
 16250 | Gauntlet | Found a large runed translucent door.
 16251 | Gauntlet | Found a large runed translucent door.
 16252 | Gauntlet | Found a large runed translucent door.
 16253 | Gauntlet | Found a runed translucent gate.
 16254 | Gauntlet | Found a transporter.
 16254 | Gauntlet | Found a runed translucent gate.
 16255 | Gauntlet | Found a runed translucent gate.
 16256 | Gauntlet | Found a large runed translucent door.
 16257 | Gauntlet | Found a large runed translucent door.
 16258 | Gauntlet | Found a large runed translucent door.
 16264 | Gauntlet | Identified the ring "Ylyn Cuch" {Ice Int+5}
 16266 | Gauntlet | Found a transporter.
 16278 | Gauntlet | Found a transporter.
 16290 | Gauntlet | Found a transporter.
 16292 | Gauntlet | Noticed a balrug
 16302 | Gauntlet | Found a transporter.
 16319 | Gauntlet | Found a transporter.
 16330 | Gauntlet | Reached **** piety under Ashenzari
 16337 | Gauntlet | Found a transporter.
 16339 | Gauntlet | Found a transporter.
 16339 | Gauntlet | Found the crystal ball of Wucad Mu {*channel}
 16461 | Gauntlet | Found a transporter.
 16595 | Gauntlet | Found a transporter.
 16967 | Gauntlet | Learned a level 2 spell: Blink
 17134 | Gauntlet | Noticed a minotaur
 17147 | Gauntlet | Mangled by a minotaur

Illustrated notes

Levels and vault maps discovered:
D:1:      dpeg_arrival_prison, layout_loops_ring, st_stairs_6
D:2:      layout_rooms, basic_ecumenical_altar, minmay_rat_gold_closets
D:3:      layout_rooms, general_overflow_altar, serial_bayou_pond_d,
          solitary_fountain
D:4:      layout_gridville, temple_doors_e, chequers_jeans, uniq_pikel
D:5:      layout_loops_ring, serial_shops, nicolae_shop_statue_plus
D:6:      layout_gridville, serial_shops, shop, minmay_circle_x
D:7:      layout_rooms, okawaru_humans, serial_bayou_pond_b, kb_rosetta,
          uniq_duvessa
D:8:      minmay_distorted_concentric_squares, layout_loops_ring,
          chequers_temple_overflow_statue_of_worship
D:9:      layout_cave_pods, nemelex_spade_bored_becter, orc_0_dummy,
          dk_noncrumbling_4, uniq_prince_ribbit1
D:10:     layout_stronghold, nicolae_demonic_statue_gallery
D:11:     layout_loops_corners, due_lair_maze_entry_diamond, serial_ice,
          serial_ice_d, serial_ice_m, serial_ice_o, serial_ice_a,
          portal_ice_cave_entry_pillars_1, kennysheep_path_1,
          nicolae_kikubaaqudgha_miasma_corner, uniq_psyche, uniq_erolcha,
          uniq_grum
Temple:   nicolae_temple_bog_church
Lair:1:   cheibrodos_lair_river_kwai, layout_regular_city, fungi_pond_lemuel,
          chequers_serial_rivers_small_a, uniq_nergalle
Lair:2:   layout_loops_ring, mainiacjoe_swamp_entry_angry_trees,
          dummy_snake_entry, special_room [special_room_bee],
          gauntlet_entry_generic
Orc:1:    layout_caves, uniq_urug
Gauntlet: gammafunk_gauntlet_one_two_three [gammafunk_gauntlet_arena_hedges,
          gammafunk_gauntlet_arena_open, nicolae_gauntlet_swirl,
          gammafunk_gauntlet_arena_mazey,
          minmay_gauntlet_arena_make_your_own_arena,
          nicolae_gauntlet_arena_grate_2, nicolae_gauntlet_arena_blocks,
          gammafunk_gauntlet_arena_arrow_garden, gammafunk_gauntlet_arena_teeth,
          dreamdust_gauntlet_exit_labyrinth]

Skill      XL: |  1  2  3  4  5  6  7  8  9 10 11 12 13 |
---------------+----------------------------------------+-----
Conjurations   | 2 3 4 6 8 9 |  9.1
Fighting       | 2 4 6 |  6.8
Spellcasting   | 5 6 10 | 10.4
Ranged Weapons | 1 3 5 6 7 8 12 | 12.5
Earth Magic    | 5 |  5.4
Dodging        | 3 4 6 7 |  7.1
Stealth        | 3 4 7 |  7.1
Alchemy        | 4 5 6 |  6.0
Evocations     | 4 7 |  7.5
Summonings     | 5 |  5.0
Fire Magic     | 1 5 |  5.5
Hexes          | 3 5 |  5.0
Translocations | 2 3 |  3.0

Action                     |  1- 3 |  4- 6 |  7- 9 | 10-12 | 13-15 || total
---------------------------+-------+-------+-------+-------+-------++-------
  Melee: Dagger            |    16 |     6 |    23 |       |       ||    45
         Punch             |     1 |       |       |       |       ||     1
   Fire: Sling             |       |       |    50 |   526 |    28 ||   604
  Throw: Dart              |       |       |     3 |     1 |       ||     4
   Cast: Sandblast         |    65 |    27 |     5 |     2 |       ||    99
         Stone Arrow       |       |    20 |    64 |   280 |    30 ||   394
         Petrify           |       |       |     2 |    14 |       ||    16
         Passwall          |       |       |     1 |       |       ||     1
         Brom's Barrelling |       |       |       |     5 |       ||     5
         Summon Blazeheart |       |       |       |     3 |       ||     3
         Call Canine Famil |       |       |       |     1 |       ||     1
         Iskenderun's Batt |       |       |       |       |     2 ||     2
 Invoke: Curse Item        |       |     2 |     1 |     2 |     1 ||     6
Ability: Evoke Invisibilit |       |       |       |     1 |       ||     1
  Evoke: Wand              |       |       |       |     2 |       ||     2
    Use: Scroll            |       |     2 |     6 |     2 |       ||    10
         Potion            |       |       |     3 |     2 |       ||     5
   Stab: Sleeping          |     2 |       |     2 |       |       ||     4
 Armour: Robe              |     9 |     5 |    16 |    99 |    15 ||   144
         Steam dragon scal |       |       |    70 |       |       ||    70
  Dodge: Dodged            |    28 |     5 |    67 |   168 |     8 ||   276
